 Dungeon Crawl Stone Soup version 0.31-a0-210-gccc998df9b (webtiles) character file.

Game seed: 13743234014038453008

789 qw the Shooter (level 7, -4/43 HPs)
             Began as a Gargoyle Hexslinger on June 29, 2023.
             Slain by a hellwing (7 damage)
             ... summoned by a kobold demonologist
             ... on level 5 of the Dungeon.
             The game lasted 00:01:21 (4153 turns).

qw the Shooter (Gargoyle Hexslinger)                Turns: 4153, Time: 00:01:22

Health: -4/43      AC:  3    Str: 12    XL:     7   Next: 87%
Magic:  8/8        EV: 11    Int: 13    God:
Gold:   49         SH:  0    Dex: 14    Spells: 7/8 levels left

rFire   . . .        c - +11 longbow "Ceqimiomok" {freeze, rElec}
rCold   . . .        (shield currently unavailable)
rNeg    + + .        g - +2 leather armour {rN+}
rPois   inf          (no helmet)
rElec   +            (no cloak)
rCorr   .            d - +0 pair of gloves
SInv    .            (no boots)
Will    .....        (no amulet)
Stlth   +            (no ring)
HPRegen 0.27/turn    (no ring)
MPRegen 0.11/turn

%: no passive effects
@: corroded
A: sickness immunity, AC +4, negative energy resistance 1, electricity
resistance, torment resistance 1, petrification resistance
a: no special abilities


You were on level 5 of the Dungeon.
You visited 1 branch of the dungeon, and saw 5 of its levels.
You also visited: Sewer.

You collected 312 gold pieces.
You spent 263 gold pieces at shops.


Innate Abilities, Weirdness & Mutations

You are immune to sickness and miasma.
Your stone body is resilient. (AC +4)
You are immune to poison.
You resist negative energy. (rN+)
You are resistant to electric shocks. (rElec)
You are resistant to unholy torment.
You are immune to petrification.


   Skills:
 - Level 4.3 Fighting
 + Level 7.7 Ranged Weapons
 - Level 1.1 Armour
 - Level 1.5 Dodging
 - Level 1.0 Spellcasting
 - Level 2.6 Hexes


You had 7 spell levels left.
You knew the following spells:

 Your Spells              Type           Power      Damage    Failure   Level
a - Slow                  Hex            28%        N/A       12%         1

Your spell library contained the following spells:

 Spells                   Type           Power      Damage    Failure   Level
 Inner Flame              Hex/Fire       4%         N/A       52%         3
 Portal Projectile        Hex/Tloc       8%         N/A       52%         3
 Cause Fear               Hex            3%         N/A       75%         4

Inventory:

Hand Weapons
 c - the +11 longbow "Ceqimiomok" (weapon) {freeze, rElec}
   (You acquired it on level 1 of the Dungeon)

   rElec:     It insulates you from electricity.
Armour
 d - a +0 pair of gloves (worn)
 g - a +2 leather armour of positive energy (worn)
Jewellery
 j - a ring of fire
Scrolls
 a - a scroll of identify
 i - a scroll of brand weapon {unknown}
Potions
 b - 3 potions of curing
 e - 2 potions of mutation
 f - a potion of haste
 h - a potion of enlightenment
 k - 3 potions of heal wounds
 l - a potion of might

Dungeon Overview and Level Annotations

Branches:
Dungeon (5/15)              Sewer (visited)
 Temple: D:4-7

Altars:
Cheibriados
Xom

Shops:
D:2 =   D:3 [   D:4 !

Annotations:
D:2 1 runed translucent door, Crazy Yiuf


Message History

The quasit claws you but does no damage.
The ufetubus hits you but does no damage.
The ufetubus closely misses you.
The crimson imp blinks!
The ufetubus closely misses you.
The ufetubus hits you but does no damage.
The quasit misses you. The quasit closely misses you.
The quasit barely misses you.
The hellwing swoops through the air toward you!
The hellwing closely misses you. The hellwing hits you!
The kobold demonologist mumbles some strange words.
The ufetubus hits you. x2
The ufetubus hits you but does no damage. x2
4150 ||| Stepping ~*~*~tactically~*~*~ (outnumbered).
The ufetubus attacks as you move away! The ufetubus barely misses you. x2
The ufetubus disappears in a puff of smoke!
The hellwing misses you.
The hellwing hits you but does no damage.
You shoot an arrow. The arrow hits the quasit!
The arrow freezes the quasit.
You kill the quasit!
The quasit disappears in a puff of smoke!
The ufetubus hits you but does no damage.
The ufetubus hits you. The hellwing misses you.
The hellwing hits you but does no damage.
The ufetubus hits you but does no damage.
The ufetubus barely misses you.
You shoot an arrow. The arrow hits the hellwing.
The arrow freezes the hellwing.
The hellwing is lightly wounded.
The ufetubus hits you but does no damage.
The ufetubus closely misses you. The hellwing hits you.
The hellwing hits you but does no damage.
The ufetubus barely misses you.
The ufetubus hits you but does no damage.
The rust devil hits you. The rust devil corrodes you!
The hellwing barely misses you. The hellwing hits you.
You shoot an arrow.
The arrow hits the hellwing but does no damage.
The hellwing is lightly wounded.
The ufetubus closely misses you. x2; The ufetubus hits you. x2
The rust devil hits you. The rust devil corrodes you! The hellwing hits you! x2
You die...

#........<........ . .
#...........#..... ..
..#######.########## ..)
.#......%....###### ....
5.................
..55.##...........######
...4K)K...........# #
#45.........# #
#@4.).......# #
#...........######
#.................
#............#####
#............# #
############.# # #.# #
#.# # #.# #


You could see a hellwing (summoned), a rust devil (summoned), a kobold
demonologist, a crimson imp (summoned) and an ufetubus (summoned).

Vanquished Creatures
  Grinder (Sewer)
  A phantom (Sewer)
  2 kobold brigands (Sewer)
  A howler monkey (D:4)
  2 hounds (D:4)
  An orc priest (D:4)
  An iguana (D:5)
  An orc wizard (D:3)
  5 adders
  4 shadow imps (Sewer)
  4 ufetubi (Sewer)
  3 worms
  3 dart slugs
  6 orcs
  10 ball pythons
  3 endoplasms
  9 giant cockroaches
  5 goblins
  8 hobgoblins
  2 jackals (D:1)
  4 quokkas
  5 bats
  4 frilled lizards
  19 kobolds
  2 kobold zombies (Sewer)
  7 rats
113 creatures vanquished.

Notes
Turn   | Place    | Note
-------+----------+-------------------------------------------
     0 | D:1      | qw the Gargoyle Hexslinger began the quest for the Orb.
     0 | D:1      | Reached XP level 1. HP: 12/12 MP: 2/2
     0 | D:1      | 0 ||| qw: Version: 0.3-a-24-ga2abf7b
     0 | D:1      | 0 ||| qw: Game counter: 6993
     0 | D:1      | 0 ||| qw: Melee chars always use a shield: true
     0 | D:1      | 0 ||| qw: God list: Okawaru
     0 | D:1      | 0 ||| qw: Allow faded altars: false
     0 | D:1      | 0 ||| qw: Do Orc after clearing Dungeon:15 true
     0 | D:1      | 0 ||| qw: Do second Lair branch before Depths: true
     0 | D:1      | 0 ||| qw: Lair rune preference: random
     0 | D:1      | 0 ||| qw: Goals: Normal
     0 | D:1      | 0 ||| PLANNING D:1-11
   177 | D:1      | HP: 1/12 [quokka (4)]
   182 | D:1      | Reached XP level 2. HP: 3/16 MP: 3/3
   369 | D:1      | Reached skill level 3 in Ranged Weapons
   426 | D:1      | HP: 4/16 [hobgoblin (3)]
   584 | D:1      | Reached XP level 3. HP: 21/21 MP: 4/4
  1008 | D:1      | 1008 ||| UPGRADING to +0 ring mail.
  1018 | D:1      | 1018 ||| DROPPING +0 robe.
  1019 | D:1      | 1019 ||| DROPPING ring of wizardry.
  1020 | D:1      | 1020 ||| READING 2 scrolls labelled ZOICOCZU USEOPN.
  1021 | D:1      | 1021 ||| READING scroll labelled HIHICY QIKU.
  1021 | D:1      | Identified a scroll of acquirement
  1021 | D:1      | 1021 ||| ACQUIRING +11 longbow "Ceqimiomok" {freeze, rElec}
  1021 | D:1      | Acquired the +11 longbow "Ceqimiomok" {freeze, rElec}
  1023 | D:1      | 1023 ||| SWAPPING to +11 longbow "Ceqimiomok" {freeze,
                  | rElec}.
  1024 | D:1      | 1024 ||| DROPPING +1 sling.
  1025 | D:1      | 1025 ||| READING scroll labelled CUULUXT EZOM.
  1026 | D:1      | 1026 ||| DROPPING scroll of poison.
  1286 | D:2      | Found a runed translucent door.
  1287 | D:2      | Noticed Crazy Yiuf
  1353 | D:2      | Reached skill level 4 in Ranged Weapons
  1353 | D:2      | Reached XP level 4. HP: 26/26 MP: 5/5
  1478 | D:2      | Found Baicluf's Jewellery Shop.
  1481 | D:2      | 1481 ||| SHOPLISTING +4 ring of protection (360 gold, have
                  | 86).
  1481 | D:2      | 1481 ||| SHOPLISTING ring of ice (250 gold, have 86).
  1481 | D:2      | 1481 ||| SHOPLISTING ring of resist corrosion (200 gold,
                  | have 86).
  1481 | D:2      | 1481 ||| SHOPLISTING ring of willpower (250 gold, have 86).
  1518 | D:2      | Reached skill level 1 in Armour
  1704 | D:2      | Found a faded altar of an unknown god.
  1855 | D:2      | 1855 ||| READING scroll labelled FAROLUE TIXKA.
  1856 | D:2      | 1856 ||| READING scroll labelled IKLOSHR JUQEI.
  1917 | D:2      | 1917 ||| READING scroll labelled MYAXUFA RO ASO.
  1918 | D:2      | 1918 ||| READING 2 scrolls of identify.
  1918 | D:2      | 1918 ||| IDENTIFYING glowing golden potion
  1919 | D:2      | 1919 ||| DROPPING potion of attraction.
  2059 | D:3      | Reached XP level 5. HP: 13/30 MP: 6/6
  2140 | D:3      | Found a shimmering altar of Xom.
  2140 | D:3      | Found a snail-covered altar of Cheibriados.
  2336 | D:3      | Found Liewidut's Antique Armour Shop.
  2340 | D:3      | 2340 ||| BUYING runed leather armour (120 gold).
  2340 | D:3      | Bought a runed leather armour for 120 gold pieces
  2544 | D:3      | 2544 ||| UPGRADING to +2 leather armour of positive energy.
  2554 | D:3      | 2554 ||| DROPPING +0 ring mail.
  2555 | D:3      | 2555 ||| READING scroll labelled SOKOL GIGUMEAROWO.
  2556 | D:3      | 2556 ||| READING 2 scrolls of identify.
  2556 | D:3      | 2556 ||| IDENTIFYING ruby potion
  2557 | D:3      | 2557 ||| DROPPING potion of magic.
  2607 | D:4      | 2607 ||| PLANNING SEWER
  2803 | D:4      | Reached skill level 5 in Ranged Weapons
  2832 | D:4      | Reached skill level 3 in Fighting
  2832 | D:4      | Reached XP level 6. HP: 25/37 MP: 7/7
  2938 | D:4      | Found Eghyimao's Distillery.
  2957 | D:4      | 2957 ||| BUYING potion of curing (39 gold).
  2957 | D:4      | Bought a potion of curing for 39 gold pieces
  2957 | D:4      | 2957 ||| BUYING potion of mutation (104 gold).
  2957 | D:4      | Bought a potion of mutation for 104 gold pieces
  2957 | D:4      | 2957 ||| SHOPLISTING potion of resistance (130 gold, have
                  | 10).
  3121 | D:4      | Found a glowing drain.
  3122 | D:4      | 3122 ||| UPGRADING to +0 pair of gloves.
  3127 | D:4      | 3127 ||| READING 3 scrolls of identify.
  3127 | D:4      | 3127 ||| IDENTIFYING pink potion
  3128 | D:4      | 3128 ||| READING 2 scrolls of identify.
  3128 | D:4      | 3128 ||| IDENTIFYING amethyst potion
  3137 | Sewer    | Entered a sewer
  3229 | Sewer    | Found an ancient bone altar of Kikubaaqudgha.
  3232 | Sewer    | Reached skill level 6 in Ranged Weapons
  3276 | Sewer    | Reached XP level 7. HP: 43/43 MP: 8/8
  3311 | Sewer    | Noticed Grinder
  3314 | Sewer    | Paralysed by Grinder for 2 turns
  3322 | Sewer    | Killed Grinder
  3323 | Sewer    | Reached skill level 7 in Ranged Weapons
  3449 | Sewer    | 3449 ||| DRINKING 2 viscous orange potions.
  3450 | Sewer    | 3450 ||| DRINKING 4 cyan potions.
  3451 | Sewer    | 3451 ||| DRINKING 2 metallic silvery potions.
  3452 | Sewer    | 3452 ||| DROPPING potion of invisibility.
  3488 | D:4      | 3488 ||| PLANNING D:1-11
  3982 | D:4      | 3982 ||| DROPPING amulet of magic regeneration.
  3990 | D:5      | Entered Level 5 of the Dungeon
  4142 | D:5      | Noticed a kobold demonologist
  4142 | D:5      | Noticed a kobold demonologist
  4148 | D:5      | Noticed a red devil
  4149 | D:5      | Noticed a hellwing
  4149 | D:5      | Noticed a rust devil
  4150 | D:5      | 4150 ||| Stepping ~*~*~tactically~*~*~ (outnumbered).
  4153 | D:5      | HP: 3/43 [hellwing[a kobold demonologist] (9)]
  4153 | D:5      | Slain by a hellwing

Levels and vault maps discovered:
D:1:      eino_arrival_cavern_a, layout_loops_corners, minmay_octomino_e4
D:2:      layout_basic, serial_shops, nicolae_shop_behind_doors,
          shapermc_ecumenical_altar_starsandcircs, solitary_fountain,
          minmay_tall_x, uniq_crazy_yiuf_cottage
D:3:      layout_basic, gammafunk_temple_overflow_statue, serial_shops,
          nicolae_shop_back_alley_shop
D:4:      layout_basic, portal_sewer_entry_d, serial_shops,
          nicolae_shop_gibbet_a_chance
D:5:      layout_basic, gammafunk_temple_overflow_pools, st_stairs_7,
          nicolae_shop_sticking_my_neck_out, uniq_edmund

Skill      XL: |  1  2  3  4  5  6  7 |
---------------+----------------------+-----
Ranged Weapons | 3 4 5 6 7 |  7.7
Fighting       | 2 3 4 |  4.3
Armour         | 1 |  1.1
Dodging        | |  1.5
Spellcasting   | |  1.0
Hexes          | |  2.6

Action                     |  1- 3 |  4- 6 |  7- 9 || total
---------------------------+-------+-------+-------++-------
   Fire: Sling             |   114 |       |       ||   114
         Longbow           |    18 |    99 |    33 ||   150
    Use: Scroll            |     3 |     8 |       ||    11
         Potion            |       |       |     3 ||     3
 Armour: Robe              |    18 |       |       ||    18
         Ring mail         |       |    11 |       ||    11
         Leather armour    |       |     3 |    35 ||    38
  Dodge: Dodged            |    55 |    14 |    43 ||   112

Table legend:
 A = Non-vault XP
 B = Vault XP
 C = Vault XP percentage of total XP
 D = Non-vault monster count
 E = Vault monster count
 F = Vault count percentage of total count
                 A         B        C        D         E       F
            +---------+---------+-------+---------+---------+-------
      Total |     431 |     697 |  61.8 |      70 |      43 |  38.1
            +---------+---------+-------+---------+---------+-------
        D:1 |      38 |       5 |  11.6 |      21 |       3 |  12.5
        D:2 |      69 |       9 |  11.5 |      17 |       4 |  19.0
        D:3 |      79 |       0 |   0.0 |      15 |       0 |   0.0
        D:4 |     202 |      13 |   6.0 |      13 |       1 |   7.1
        D:5 |      43 |       0 |   0.0 |       4 |       0 |   0.0
      Sewer |       0 |     670 | 100.0 |       0 |      35 | 100.0
            +---------+---------+-------+---------+---------+-------
